 Dungeon Crawl Stone Soup version 0.21.1-1-g345015fe64 (webtiles) character file.

127010 KleinerIrrer the Protected (level 17, -1/134 (135) HPs)
             Began as a Gnoll Wanderer on Mar 17, 2018.
             Was a High Priest of Nemelex Xobeh.
             Killed by the air
             ... invoked by a wind drake (shapeshifter)
              (14 damage)
             ... on level 15 of the Dungeon on Mar 18, 2018.
             The game lasted 03:31:35 (45369 turns).

KleinerIrrer the Protected (Gnoll Wanderer)        Turns: 45369, Time: 03:31:36

HP:   -1/134 (135)  AC: 24    Str: 16    XL:     17   Next: 0%
MP:   32/32         EV: 18    Int: 20    God:    Nemelex Xobeh [*****.]
Gold: 1181          SH: 13    Dex: 18    Spells: 10/38 levels left

rFire    + . .     SeeInvis .   C - +9 spear "Ema Xaim" {pierce, +Fly}
rCold    + . .     Gourm    .   Y - +1 shield {AC+3}
rNeg     . . .     Faith    .   H - quicksilver dragon scales
rPois    .         Spirit   .   n - +1 helmet {Int+3}
rElec    .         Reflect  .   b - +0 cloak
rCorr    .         Harm     .   (no gloves)
MR       ++...                  G - +1 pair of boots
Stlth    ++++......             y - amulet of rage
HPRegen  0.32/turn              I - ring of protection from fire
MPRegen  0.23/turn              N - ring of protection from cold

@: lethally poisoned (-1 -> -17), about to teleport, slowed, very slow
A: distributed training, fangs 1, strong nose
a: Triple Draw, Deal Four, Stack Five, Renounce Religion, Evoke Berserk Rage,
Evoke Flight


You were on level 15 of the Dungeon.
You worshipped Nemelex Xobeh.
Nemelex Xobeh was extremely pleased with you.
You were not hungry.

You visited 6 branches of the dungeon, and saw 28 of its levels.
You also visited: Volcano.

You collected 2359 gold pieces.
You spent 1178 gold pieces at shops.

Inventory:

Hand Weapons
 C - the +9 spear "Ema Xaim" (weapon) {pierce, +Fly}
   (You found it on level 8 of the Dungeon)

   It inflicts extra damage upon your enemies.
   It lets you fly.
Missiles
 j - 172 arrows
Armour
 b - a +0 cloak (worn)
 n - a +1 helmet of intelligence (worn)
 G - a +1 pair of boots (worn)
 H - quicksilver dragon scales (worn)
 Y - a +1 shield of protection (worn)
 Z - a +2 large shield of poison resistance
Magical Staves
 s - an uncursed staff of conjuration
Jewellery
 y - an amulet of rage (around neck)
 I - a ring of protection from fire (left hand)
 J - the ring "Ecos Xampes" {+Blink rN+ Dex+4 Stlth-}
   (You found it on level 3 of the Swamp)

   [ring of positive energy]

   It affects your dexterity (+4).
   It protects you from negative energy.
   It lets you blink.
   It makes you less stealthy.
 L - an uncursed ring of protection from cold
 N - a ring of protection from cold (right hand)
Wands
 c - a wand of disintegration (17)
 m - a wand of acid (7)
 A - a wand of digging (11)
 F - a wand of iceblast (34)
 K - a wand of paralysis (29)
Scrolls
 a - 2 scrolls of torment
 e - 7 scrolls of teleportation
 f - 3 scrolls of blinking
 g - 15 scrolls of remove curse
 h - 3 scrolls of fog
 i - a scroll of enchant armour
 r - a scroll of fear {unknown}
 u - 2 scrolls of identify
 v - 4 scrolls of magic mapping
 B - a scroll of brand weapon {unknown}
 E - 2 scrolls of vulnerability
 R - a scroll of enchant weapon
Potions
 d - 3 potions of curing
 l - 5 potions of agility
 w - a potion of resistance
 z - 6 potions of brilliance
 O - 2 potions of cancellation
 P - 3 potions of flight
 S - 2 potions of might
 X - 2 potions of haste
Miscellaneous
 o - an ornate deck of destruction
 t - a plain deck of escape {the Elixir, left: 5}
 x - a phial of floods
 D - a plain deck of escape {the Tomb, left: 5}
 M - a legendary deck of destruction {drawn: 1}
 T - an ornate deck of summoning {drawn: 2}
 U - a lamp of fire
 W - a lightning rod (4/4)
Comestibles
 q - 23 rations


   Skills:
 + Level 12.5 Fighting
 + Level 11.0 Short Blades
 + Level 11.0 Long Blades
 + Level 11.0 Axes
 + Level 11.0 Maces & Flails
 + Level 11.0 Polearms
 + Level 11.0 Staves
 + Level 11.0 Slings
 + Level 11.3 Bows
 + Level 11.0 Crossbows
 + Level 11.3 Throwing
 + Level 13.4 Armour
 + Level 11.0 Dodging
 + Level 11.0 Stealth
 + Level 11.0 Shields
 + Level 11.0 Unarmed Combat
 + Level 11.0 Spellcasting
 + Level 9.4 Conjurations
 + Level 9.4 Hexes
 + Level 9.4 Charms
 + Level 9.4 Summonings
 + Level 9.4 Necromancy
 + Level 9.4 Translocations
 + Level 9.4 Transmutations
 + Level 9.4 Fire Magic
 + Level 9.4 Ice Magic
 + Level 9.4 Air Magic
 + Level 9.4 Earth Magic
 + Level 9.4 Poison Magic
 + Level 11.9 Invocations
 + Level 11.3 Evocations


You had 10 spell levels left.
You knew the following spells:

 Your Spells              Type           Power        Failure   Level  Hunger
a - Slow                  Hex            #####...     1%          2    None
b - Blink                 Tloc           N/A          1%          2    None
c - Mephitic Cloud        Conj/Pois/Air  #####...     1%          3    None
d - Borgnjor's Vile Clut  Necr/Erth      #####.....   10%         5    ####...
e - Shadow Creatures      Summ           N/A          45%         6    ######.
f - Silence               Hex/Air        #####.....   10%         5    ####...
g - Stone Arrow           Conj/Erth      #####.       1%          3    None
h - Passwall              Tmut/Erth      #####.....   1%          2    None


Dungeon Overview and Level Annotations

Branches:
Dungeon (15/15)            Temple (1/1) D:7            Lair (6/6) D:11
  Swamp (3/4) Lair:3        Snake (1/4) Lair:2        Slime (0/5) Lair:6
    Orc (2/2) D:11            Elf (0/3) Orc:2        Vaults (0/5) D:14
 Depths (0/5) D:15

Altars:
Ashenzari
Dithmenos
Elyvilon
Fedhas
Gozag
Hepliaklqana
Kikubaaqudgha
Makhleb
Nemelex Xobeh
Okawaru
Qazlal
Ru
Sif Muna
Trog
Uskayaw
Vehumet
Wu Jian
Yredelemnul
Zin
The Shining One
Beogh
Jiyva

Shops:
D:5 *   Orc:2 [:(!}

Annotations:
Lair:5 deszczowiec's ghost, journeyman DrWr
Swamp:3 Bai Suzhen; Nikola


Innate Abilities, Weirdness & Mutations

Your experience applies equally to all skills.
You have very sharp teeth.
Your uncanny sense of smell can sniff out nearby items.


Message History

You feel better.
You are engulfed in dark miasma.
You are poisoned.
You feel your flesh rotting away!
You feel as though you will be slow longer.
* * * LOW HITPOINT WARNING * * *
You feel sick. Something hits your neqoxec.
The death drake breathes miasma at you. The foul vapour engulfs you!
The wind drake flaps its wings at you. The air twists around and strikes you!
The death drake bites you but does no damage.
As you read the scroll of teleportation, it crumbles to dust.
You feel strangely unstable.
You are engulfed in dark miasma.
You are more poisoned.
* * * LOW HITPOINT WARNING * * *
x2 You feel very sick.
The death drake changes into a cyclops!
Something barely misses your neqoxec. The wind drake flaps its wings at you.
The air twists around and strikes you!
You die...
Your body glows with a rainbow of weird colours and disappears.

#..#.#####...#.##......#....
#..#........##.##..#..#+#..#
#..###.###.##..##.###..#..#.
#..............##..#..#'#.##
###.......#######..()..#.)..
#......####.####(#.####.#.
#...#..##.....###'#'#.##+#
#......##..##..###(...#.#.
#..#.#.#.@#.#)#'#.....#...
#......##C##.ยง.#.#.#..#..#
###..#..##.3...#'......#.##
#.......##.#{#.##.....[#. #
##..#.#.###'#'##....).##...
##.......##.#.#k########+###
#..##.#..##... c.#
##.......##.. #'#
##..#.#.#..# #..


You could see a wind drake, a centaur warrior, a cyclops shaped shifter and a
friendly neqoxec.

Vanquished Creatures
  Kirke (Swamp:2)
  A thorn hunter (Swamp:2)
  A frost giant (D:15)
  A fire giant (D:15)
  A very ugly thing (Swamp:2)
  A dire elephant (Lair:6)
  A red draconian (Volcano)
  Josephine (D:11)
  2 fire dragons (D:15)
  3 vault guards (D:14)
  Harold (Lair:2)
  7 hydras
  A merfolk avatar (Lair:6)
  5 centaur warriors
  3 ghost crabs
  An anaconda (Lair:6)
  Erica (D:8)
  4 alligators
  7 two-headed ogres
  A tengu warrior (D:15)
  3 ogre magi
  An orc high priest (Orc:2)
  Nergalle (D:10)
  Sonja (D:13)
  A fire crab (D:15)
  A sea snake (Lair:6)
  A salamander mystic (Volcano)
  A skeletal warrior (D:15)
  A shambling mangrove (Swamp:2)
  Pikel (D:6)
  A flayed ghost (D:15)
  4 swamp dragons
  An unseen horror (D:12)
  An orb spider (shapeshifter) (D:14)
  A wolf spider zombie (D:15)
  A harpy (shapeshifter) (D:13)
  9 orc sorcerers
  10 deep elf magi
  A manticore (D:13)
  11 ugly things
  5 cyclopes
  5 salamanders (Volcano)
  7 elephants
  Joseph (D:8)
  An ice statue (D:11)
  3 black mambas
  21 spiny frogs
  The ghost of DildoBatman the Skirmisher, a novice FoEn of Sif Muna (D:5)
  Psyche (D:10)
  4 rime drakes
  A kobold demonologist (D:15)
  16 komodo dragons
  A freezing wraith (D:15)
  2 efreet (D:15)
  4 polar bears
  2 tengu conjurers (D:14)
  11 trolls
  A harpy zombie (D:13)
  A queen bee (Lair:3)
  3 tyrant leeches
  5 hornets
  5 meliai
  A wind drake (Lair:6)
  10 blink frogs
  19 slime creatures
  2 bog bodies
  11 hippogriffs
  3 spriggans
  A water elemental (D:14)
  Sigmund (D:4)
  Grum (D:7)
  35 yaks
  6 fire bats (Volcano)
  7 wyverns
  Eustachio (D:5)
  6 basilisks
  2 hogs (Swamp:2)
  6 wraiths
  4 hungry ghosts
  11 vampire mosquitoes
  16 swamp worms
  22 insubstantial wisps
  7 nagas (Lair:2)
  4 wargs
  13 water moccasins
  2 soldier ants (D:13)
  20 orc warriors
  11 porcupines
  7 ice beasts
  3 black bears
  2 slaves (D:6)
  A swamp drake (Swamp:1)
  3 eyes of draining
  A phantom (D:11)
  3 sky beasts
  11 ogres
  4 wolves
  10 centaurs
  12 crocodiles
  20 bullfrogs
  A big kobold (D:11)
  Blork the orc (D:4)
  2 wyvern skeletons
  5 scorpions
  36 killer bees
  8 howler monkeys
  A wight (D:15)
  3 electric eels
  11 crimson imps
  9 hounds
  A quasit (D:12)
  7 lava snakes (Volcano)
  5 bullfrog zombies
  5 centaur zombies
  15 orc priests
  46 orc wizards
  A gnoll shaman (D:8)
  2 jellies
  A bullfrog skeleton (D:5)
  6 centaur skeletons
  11 iguanas
  5 hell rats (Lair:5)
  11 worker ants
  A worker ant zombie (D:5)
  Robin (D:2)
  9 gnolls
  15 adders
  A shadow imp (D:15)
  2 oozes (D:4)
  An adder skeleton (D:4)
  4 worms
  A dart slug (D:3)
  7 leopard geckos
  75 orcs
  A bat zombie (D:1)
  5 giant cockroaches
  14 goblins
  14 hobgoblins
  3 jackals (D:2)
  3 quokkas
  3 ball pythons
  8 bats
  13 frilled lizards
  A jackal skeleton (D:5)
  12 kobolds
  A leopard gecko zombie (D:1)
  A quokka skeleton (D:5)
  A quokka zombie (D:6)
  9 rats
  A fungus (Lair:6)
  A plant (Lair:1)
897 creatures vanquished.

Vanquished Creatures (collateral kills)
  A hydra (Swamp:1)
  A vault guard (D:14)
  A two-headed ogre (D:9)
  A centaur warrior (D:14)
  An orc high priest (D:15)
  A gargoyle (D:13)
  A meliai (D:13)
  A vampire (D:15)
  4 yaks (D:7)
  A hog (Swamp:2)
  3 insubstantial wisps (Swamp:1)
  An ogre (D:7)
  A killer bee (Lair:3)
  2 orcs (D:13)
  2 bushes (Lair:2)
22 creatures vanquished.

Vanquished Creatures (others)
  A hornet (Swamp:1)
  2 humans (Swamp:2)
  An orc warrior (D:13)
  An orc wizard (Orc:2)
  A shadow imp (D:6)
  13 fungi
  14 plants
33 creatures vanquished.

Grand Total: 952 creatures vanquished

Notes
Turn   | Place    | Note
-------+----------+-------------------------------------------
     0 | D:1      | KleinerIrrer the Gnoll Wanderer began the quest for the Orb.
     0 | D:1      | KleinerIrrer set off with: a +2 shortbow, 19 arrows, a +0 ring mail, a potion of curing, a ration
     0 | D:1      | Reached XP level 1. HP: 23/23 MP: 2/2
    75 | D:1      | Reached XP level 2. HP: 29/29 MP: 3/3
   754 | D:2      | Reached XP level 3. HP: 33/35 MP: 4/4
   934 | D:2      | Found a blossoming altar of Fedhas.
  1113 | D:2      | Reached skill level 1 in Invocations
  1465 | D:2      | Reached skill level 1 in Short Blades
  1465 | D:2      | Reached skill level 1 in Long Blades
  1465 | D:2      | Reached skill level 1 in Axes
  1465 | D:2      | Reached skill level 1 in Maces & Flails
  1465 | D:2      | Reached skill level 1 in Polearms
  1465 | D:2      | Reached skill level 1 in Staves
  1465 | D:2      | Reached skill level 1 in Slings
  1465 | D:2      | Reached skill level 1 in Crossbows
  1465 | D:2      | Reached skill level 1 in Dodging
  1465 | D:2      | Reached skill level 1 in Stealth
  1465 | D:2      | Reached skill level 1 in Shields
  1465 | D:2      | Reached skill level 1 in Unarmed Combat
  1465 | D:2      | Reached skill level 1 in Spellcasting
  1465 | D:2      | Reached XP level 4. HP: 41/41 MP: 4/6
  1564 | D:2      | Noticed Robin
  1703 | D:2      | Killed Robin
  1703 | D:2      | Reached skill level 1 in Conjurations
  1703 | D:2      | Reached skill level 1 in Hexes
  1703 | D:2      | Reached skill level 1 in Charms
  1703 | D:2      | Reached skill level 1 in Summonings
  1703 | D:2      | Reached skill level 1 in Necromancy
  1703 | D:2      | Reached skill level 1 in Translocations
  1703 | D:2      | Reached skill level 1 in Transmutations
  1703 | D:2      | Reached skill level 1 in Fire Magic
  1703 | D:2      | Reached skill level 1 in Ice Magic
  1703 | D:2      | Reached skill level 1 in Air Magic
  1703 | D:2      | Reached skill level 1 in Earth Magic
  1703 | D:2      | Reached skill level 1 in Poison Magic
  2221 | D:3      | Reached XP level 5. HP: 46/47 MP: 7/7
  2434 | D:3      | Noticed a hungry ghost
  2479 | D:3      | Killed a hungry ghost
  2479 | D:3      | Reached XP level 6. HP: 20/53 MP: 8/8
  3419 | D:4      | Noticed Blork the orc
  3452 | D:4      | Killed Blork the orc
  3678 | D:5      | Entered Level 5 of the Dungeon
  3696 | D:4      | Reached XP level 7. HP: 14/59 MP: 10/10
  4127 | D:4      | Found an ornate altar of the Wu Jian Council.
  4127 | D:4      | Noticed Sigmund
  4128 | D:4      | Found an ancient bone altar of Kikubaaqudgha.
  4146 | D:4      | Killed Sigmund
  4306 | D:4      | Reached skill level 9 in Armour
  4798 | D:5      | Reached XP level 8. HP: 15/67 MP: 12/12
  5028 | D:5      | Noticed DildoBatman's ghost (novice FoEn)
  5092 | D:5      | Killed DildoBatman's ghost
  5133 | D:5      | Found Karuatwi's Assorted Antiques.
  5315 | D:5      | Noticed Eustachio
  5335 | D:5      | Killed Eustachio
  5519 | D:5      | Found a stormy altar of Qazlal.
  5844 | D:6      | Noticed Pikel
  5889 | D:6      | Killed Pikel
  5889 | D:6      | Reached XP level 9. HP: 19/73 MP: 13/15
  6268 | D:6      | Reached skill level 5 in Bows
  6268 | D:6      | Reached skill level 5 in Throwing
  6268 | D:6      | Reached skill level 5 in Evocations
  6565 | D:6      | Found an ornate altar of the Wu Jian Council.
  7687 | D:7      | Reached skill level 5 in Invocations
  8088 | D:7      | Noticed a troll
  8105 | D:7      | Killed a troll
  8105 | D:7      | Reached XP level 10. HP: 22/80 MP: 4/17
  8943 | D:7      | Found a staircase to the Ecumenical Temple.
  8953 | Temple   | Entered the Ecumenical Temple
  9053 | Temple   | Became a worshipper of Nemelex Xobeh the Trickster
  9318 | D:7      | Received a gift from Nemelex Xobeh
  9407 | D:7      | Reached skill level 5 in Short Blades
  9407 | D:7      | Reached skill level 5 in Long Blades
  9407 | D:7      | Reached skill level 5 in Axes
  9407 | D:7      | Reached skill level 5 in Maces & Flails
  9407 | D:7      | Reached skill level 5 in Polearms
  9407 | D:7      | Reached skill level 5 in Staves
  9407 | D:7      | Reached skill level 5 in Slings
  9407 | D:7      | Reached skill level 5 in Crossbows
  9407 | D:7      | Reached skill level 5 in Dodging
  9407 | D:7      | Reached skill level 5 in Stealth
  9407 | D:7      | Reached skill level 5 in Shields
  9407 | D:7      | Reached skill level 5 in Unarmed Combat
  9407 | D:7      | Reached skill level 5 in Spellcasting
  9780 | D:8      | Noticed Grum
  9974 | D:8      | Reached skill level 10 in Armour
  9975 | D:8      | Noticed a two-headed ogre
  9977 | D:8      | Noticed Psyche
 10548 | D:8      | Found an iron altar of Okawaru.
 10578 | D:8      | Got an encrusted spear
 10581 | D:8      | Got an ichor-stained falchion
 10582 | D:8      | Identified the +1 falchion of Vodka {holy, MR- MP-9 Dex+8 Stlth+} (You found it on level 8 of the Dungeon)
 10587 | D:8      | Noticed Erica
 10901 | D:4      | Identified the +9 spear "Ema Xaim" {pierce, +Fly} (You found it on level 8 of the Dungeon)
 10992 | D:7      | Killed Grum
 11263 | D:8      | Noticed Joseph
 11276 | D:8      | Killed Joseph
 11351 | D:8      | Noticed a two-headed ogre
 11359 | D:8      | Killed a two-headed ogre
 11359 | D:8      | Reached XP level 11. HP: 57/87 MP: 11/19
 11564 | D:8      | Killed Erica
 12094 | D:8      | Reached skill level 5 in Conjurations
 12094 | D:8      | Reached skill level 5 in Hexes
 12094 | D:8      | Reached skill level 5 in Charms
 12094 | D:8      | Reached skill level 5 in Summonings
 12094 | D:8      | Reached skill level 5 in Necromancy
 12094 | D:8      | Reached skill level 5 in Translocations
 12094 | D:8      | Reached skill level 5 in Transmutations
 12094 | D:8      | Reached skill level 5 in Fire Magic
 12094 | D:8      | Reached skill level 5 in Ice Magic
 12094 | D:8      | Reached skill level 5 in Air Magic
 12094 | D:8      | Reached skill level 5 in Earth Magic
 12094 | D:8      | Reached skill level 5 in Poison Magic
 12381 | D:10     | Entered Level 10 of the Dungeon
 12382 | D:10     | Reached * piety under Nemelex Xobeh
 12382 | D:10     | Received a gift from Nemelex Xobeh
 12572 | D:10     | Killed Psyche
 13190 | D:9      | Noticed a two-headed ogre
 13532 | D:9      | Noticed a cyan ugly thing
 13544 | D:9      | Killed a cyan ugly thing
 13882 | D:9      | Killed a two-headed ogre
 14189 | D:10     | Noticed Nergalle
 14209 | D:10     | Killed Nergalle
 14213 | D:10     | Found a basalt altar of Yredelemnul.
 14213 | D:10     | Noticed a hell beast
 14567 | D:11     | Reached XP level 12. HP: 96/96 MP: 22/22
 14572 | D:11     | Reached ** piety under Nemelex Xobeh
 14804 | D:11     | Found a staircase to the Lair.
 15170 | D:11     | Noticed Josephine
 15216 | D:11     | Killed Josephine
 15361 | D:11     | Reached skill level 11 in Armour
 15398 | D:11     | Found a staircase to the Orcish Mines.
 16143 | D:11     | Learned a level 2 spell: Slow
 16146 | D:11     | Learned a level 2 spell: Blink
 16150 | D:11     | Learned a level 3 spell: Mephitic Cloud
 16176 | Orc:1    | Entered Level 1 of the Orcish Mines
 16540 | Orc:1    | Found a dark tunnel.
 16547 | Volcano  | Entered a volcano
 16994 | Volcano  | Reached skill level 10 in Fighting
 17655 | Volcano  | Noticed a red draconian
 17698 | Volcano  | Killed a red draconian
 17698 | Volcano  | Reached XP level 13. HP: 92/103 MP: 8/24
 17797 | Volcano  | Found a burning altar of Makhleb.
 17836 | Volcano  | Found a burning altar of Makhleb.
 18097 | Orc:2    | Entered Level 2 of the Orcish Mines
 18272 | Orc:2    | Found a staircase to the Elven Halls.
 18279 | Orc:2    | Received a gift from Nemelex Xobeh
 18363 | Lair:1   | Entered Level 1 of the Lair of Beasts
 18964 | Orc:2    | Received a gift from Nemelex Xobeh
 18996 | Orc:2    | Found Ytosuox's Armour Shop.
 19256 | Orc:2    | Found Fatz's Gadget Emporium.
 19419 | Orc:2    | Found a radiant altar of Vehumet.
 19423 | Orc:2    | Noticed an ogre mage
 19568 | Orc:2    | Reached *** piety under Nemelex Xobeh
 19597 | Orc:2    | Killed an ogre mage
 19727 | Orc:2    | Found Zanewor Emio's Book Shoppe.
 19864 | Orc:2    | Found an ancient bone altar of Kikubaaqudgha.
 19887 | Orc:2    | Found a roughly hewn altar of Beogh.
 19887 | Orc:2    | Found Zauxtum's Antique Weapon Emporium.
 19931 | Orc:2    | Found Zoaxt's Distillery.
 19981 | Orc:2    | Bought a book of Dreams for 975 gold pieces
 19987 | Orc:2    | Learned a level 5 spell: Borgnjor's Vile Clutch
 19994 | Orc:2    | Learned a level 6 spell: Shadow Creatures
 20000 | Orc:2    | Learned a level 5 spell: Silence
 20950 | Lair:1   | Received a gift from Nemelex Xobeh
 21604 | Lair:2   | Noticed Harold
 21695 | Lair:2   | Killed Harold
 22168 | Lair:2   | Found a staircase to the Snake Pit.
 22264 | Lair:2   | Reached XP level 14. HP: 60/111 MP: 26/26
 23017 | Lair:2   | Reached **** piety under Nemelex Xobeh
 23053 | Lair:2   | Reached skill level 12 in Armour
 24370 | Lair:3   | Received a gift from Nemelex Xobeh
 24423 | Lair:3   | Found a staircase to the Swamp.
 25225 | Lair:3   | Found the +3 giant club "Skullcrusher" {speed, Str+7}
 25940 | Orc:2    | Bought a +2 large shield of poison resistance for 203 gold pieces
 26377 | Lair:4   | Received a gift from Nemelex Xobeh
 26751 | Lair:4   | Found a stormy altar of Qazlal.
 26759 | Lair:4   | Reached skill level 10 in Invocations
 27004 | Lair:4   | Received a gift from Nemelex Xobeh
 27666 | Lair:5   | Reached ***** piety under Nemelex Xobeh
 28211 | Lair:5   | Noticed deszczowiec's ghost (journeyman DrWr)
 29579 | Lair:6   | Entered Level 6 of the Lair of Beasts
 29579 | Lair:6   | Received a gift from Nemelex Xobeh
 30625 | Lair:6   | Found a staircase to the Slime Pits.
 30625 | Lair:6   | Found a viscous altar of Jiyva.
 30635 | Lair:6   | Received a gift from Nemelex Xobeh
 30996 | Lair:6   | Reached XP level 15. HP: 115/119 MP: 28/28
 31312 | Lair:6   | Received a gift from Nemelex Xobeh
 31315 | Lair:6   | Identified a scroll of acquirement
 31615 | Lair:6   | Reached skill level 10 in Bows
 31615 | Lair:6   | Reached skill level 10 in Throwing
 31615 | Lair:6   | Reached skill level 10 in Evocations
 32113 | Swamp:1  | Entered Level 1 of the Swamp
 32213 | Swamp:1  | Received a gift from Nemelex Xobeh
 33243 | Swamp:1  | Received a gift from Nemelex Xobeh
 33249 | Swamp:1  | Learned a level 3 spell: Stone Arrow
 33252 | Swamp:1  | Learned a level 2 spell: Passwall
 33982 | Swamp:2  | Noticed Kirke
 34276 | Swamp:2  | Killed Kirke
 34422 | Swamp:2  | Reached skill level 10 in Short Blades
 34422 | Swamp:2  | Reached skill level 10 in Long Blades
 34422 | Swamp:2  | Reached skill level 10 in Axes
 34422 | Swamp:2  | Reached skill level 10 in Maces & Flails
 34422 | Swamp:2  | Reached skill level 10 in Polearms
 34422 | Swamp:2  | Reached skill level 10 in Staves
 34422 | Swamp:2  | Reached skill level 10 in Slings
 34422 | Swamp:2  | Reached skill level 10 in Crossbows
 34422 | Swamp:2  | Reached skill level 10 in Dodging
 34422 | Swamp:2  | Reached skill level 10 in Stealth
 34422 | Swamp:2  | Reached skill level 10 in Shields
 34422 | Swamp:2  | Reached skill level 10 in Unarmed Combat
 34422 | Swamp:2  | Reached skill level 10 in Spellcasting
 35554 | Swamp:2  | Noticed a thorn hunter
 35562 | Swamp:2  | Killed a thorn hunter
 35746 | Swamp:2  | Received a gift from Nemelex Xobeh
 35760 | Swamp:2  | Reached ****** piety under Nemelex Xobeh
 36422 | Swamp:3  | Noticed Bai Suzhen
 36646 | Swamp:3  | Got a glittering bronze ring
 36648 | Swamp:3  | Identified the ring "Ecos Xampes" {+Blink rN+ Dex+4 Stlth-} (You found it on level 3 of the Swamp)
 36651 | Swamp:3  | Noticed Nikola
 37155 | Snake:1  | Entered Level 1 of the Snake Pit
 37927 | D:12     | Received a gift from Nemelex Xobeh
 38431 | D:12     | Received a gift from Nemelex Xobeh
 38616 | D:13     | Noticed Sonja
 38641 | D:13     | Killed Sonja
 38647 | D:13     | Reached XP level 16. HP: 127/127 MP: 25/30
 39051 | D:13     | Reached skill level 13 in Armour
 40662 | D:13     | Received a gift from Nemelex Xobeh
 41456 | D:14     | Found a gate to the Vaults.
 42301 | D:14     | Received a gift from Nemelex Xobeh
 42923 | D:15     | Entered Level 15 of the Dungeon
 43812 | D:15     | Found a staircase to the Depths.
 43885 | D:15     | Found an iron altar of Okawaru.
 43885 | D:15     | Found an iron altar of Okawaru.
 43886 | D:15     | Found a stormy altar of Qazlal.
 45356 | D:15     | Reached XP level 17. HP: 73/135 MP: 32/32
 45369 | D:15     | Killed from afar by a wind drake (shapeshifter)

Skill      XL: |  1  2  3  4  5  6  7  8  9 10 11 12 13 14 15 16 |
---------------+-------------------------------------------------+-----
Invocations    | 1 2 3 4 5 6 7 8 9 10 11 | 11.9
Short Blades   | 1 2 4 5 6 7 8 9 10 11 | 11.0
Long Blades    | 1 2 4 5 6 7 8 9 10 11 | 11.0
Axes           | 1 2 4 5 6 7 8 9 10 11 | 11.0
Maces & Flails | 1 2 4 5 6 7 8 9 10 11 | 11.0
Polearms       | 1 2 4 5 6 7 8 9 10 11 | 11.0
Staves         | 1 2 4 5 6 7 8 9 10 11 | 11.0
Slings         | 1 2 4 5 6 7 8 9 10 11 | 11.0
Crossbows      | 1 2 4 5 6 7 8 9 10 11 | 11.0
Dodging        | 1 2 4 5 6 7 8 9 10 11 | 11.0
Stealth        | 1 2 4 5 6 7 8 9 10 11 | 11.0
Shields        | 1 2 4 5 6 7 8 9 10 11 | 11.0
Unarmed Combat | 1 2 4 5 6 7 8 9 10 11 | 11.0
Spellcasting   | 1 2 4 5 6 7 8 9 10 11 | 11.0
Conjurations   | 1 2 3 4 5 6 7 8 9 |  9.4
Hexes          | 1 2 3 4 5 6 7 8 9 |  9.4
Charms         | 1 2 3 4 5 6 7 8 9 |  9.4
Summonings     | 1 2 3 4 5 6 7 8 9 |  9.4
Necromancy     | 1 2 3 4 5 6 7 8 9 |  9.4
Translocations | 1 2 3 4 5 6 7 8 9 |  9.4
Transmutations | 1 2 3 4 5 6 7 8 9 |  9.4
Fire Magic     | 1 2 3 4 5 6 7 8 9 |  9.4
Ice Magic      | 1 2 3 4 5 6 7 8 9 |  9.4
Air Magic      | 1 2 3 4 5 6 7 8 9 |  9.4
Earth Magic    | 1 2 3 4 5 6 7 8 9 |  9.4
Poison Magic   | 1 2 3 4 5 6 7 8 9 |  9.4
Bows           | 3 4 5 6 7 8 9 10 11 | 11.3
Throwing       | 3 4 5 6 7 8 9 10 11 | 11.3
Evocations     | 3 4 5 6 7 8 9 10 11 | 11.3
Fighting       | 7 8 9 10 11 12 | 12.5
Armour         | 9 10 11 12 13 | 13.4

Action                   |  1- 3 |  4- 6 |  7- 9 | 10-12 | 13-15 | 16-18 || total
-------------------------+-------+-------+-------+-------+-------+-------++-------
Melee: Short sword       |       |   196 |   189 |       |       |       ||   385
       Whip              |       |    20 |    49 |       |       |       ||    69
       Bite              |       |    14 |    68 |   111 |   324 |   128 ||   645
       Punch             |       |     1 |    13 |    27 |    38 |       ||    79
       Dagger            |       |       |     8 |       |       |       ||     8
       Spear             |       |       |   256 |   964 |  2384 |   923 ||  4527
       Falchion          |       |       |       |     9 |       |       ||     9
       Shortbow          |       |       |       |     2 |       |       ||     2
 Fire: Shortbow          |    87 |    12 |    95 |   130 |       |       ||   324
       Hunting sling     |       |    39 |       |       |       |       ||    39
 Cast: Mephitic Cloud    |       |       |       |    39 |    95 |    24 ||   158
       Slow              |       |       |       |       |    40 |     6 ||    46
       Borgnjor's Vile C |       |       |       |       |     3 |       ||     3
       Blink             |       |       |       |       |     1 |     1 ||     2
       Stone Arrow       |       |       |       |       |    10 |       ||    10
Invok: Stack Five        |       |       |       |       |     1 |     2 ||     3
       Triple Draw       |       |       |       |       |     1 |       ||     1
 Abil: Evoke Flight      |       |       |       |     1 |     2 |       ||     3
       Stop Flying       |       |       |       |     1 |       |       ||     1
       Evoke Blink       |       |       |       |       |       |     3 ||     3
Evoke: Deck              |       |       |       |    12 |     9 |     5 ||    26
       Wand              |       |       |       |     5 |     5 |     1 ||    11
       Lightning rod     |       |       |       |     2 |     1 |     4 ||     7
       Lamp of fire      |       |       |       |       |     1 |     1 ||     2
       Phial of floods   |       |       |       |       |       |     1 ||     1
  Use: Potion            |       |     2 |     1 |     5 |     3 |     6 ||    17
       Scroll            |       |       |     7 |     7 |    15 |     5 ||    34
 Stab: Sleeping          |       |       |     5 |       |    27 |    14 ||    46
       Distracted        |       |       |       |     6 |    13 |     3 ||    22
       Confused          |       |       |       |    24 |    56 |    16 ||    96
  Eat: Chunk             |     2 |    13 |    13 |    12 |    40 |    12 ||    92
       Ration            |       |     2 |       |     6 |     9 |     3 ||    20
Armor: Ring mail         |     3 |   120 |   129 |       |       |       ||   252
       Quicksilver drago |       |       |    93 |   321 |   605 |   190 ||  1209
Dodge: Dodged            |     7 |   132 |   364 |   499 |   865 |   287 ||  2154
Block: Large shield      |       |       |       |       |   909 |   312 ||  1221
       Shield            |       |       |       |       |       |   168 ||   168
       Rpst.: Falchion   |       |       |       |     2 |       |       ||     2
